 Dungeon Crawl Stone Soup version 0.18-a0-719-gd8378e8 (webtiles) character file.

49 Geeful the Magician (level 4, -1/30 HPs)
             Began as a Human Wanderer on Dec 8, 2015.
             Succumbed to an orc's poison
             ... on level 3 of the Dungeon.
             The game lasted 00:05:13 (1120 turns).

Geeful the Magician (Human Wanderer)                Turns: 1120, Time: 00:05:13

Health: -1/30      AC:  7    Str: 14    XL:     4   Next: 2%
Magic:  10/10      EV:  8    Int:  9    God:
Gold:   44         SH:  0    Dex: 15    Spells: 0 memorised, 11 levels left

rFire  . . .     SeeInvis .     b - +1 blowgun
rCold  . . .     Clarity  .     o - +0 scale mail
rNeg   . . .     SustAt   .     (no shield)
rPois  .         Gourm    .     (no helmet)
rElec  .         Spirit   .     (no cloak)
rCorr  .         Dismiss  .     n - +0 pair of gloves
rMut   .         Stasis   .     (no boots)
MR     .....                    (no amulet)
Stlth  ..........               (no ring)
                                (no ring)

@: lethally poisoned (-1 -> -60), not resistant to hostile enchantments,
extremely unstealthy
A: no striking features
a: no special abilities


You were on level 3 of the Dungeon.
You were not hungry.

You visited 1 branch of the dungeon, and saw 3 of its levels.

You collected 44 gold pieces.

Inventory:

Hand Weapons
 b - a +1 blowgun (weapon)
Missiles
 c - 5 poisoned needles (quivered)
Armour
 e - a +0 robe
 n - a +0 pair of gloves (worn)
 o - a +0 scale mail (worn)
Jewellery
 l - a +1 ring of evasion {unknown}
Scrolls
 h - 2 scrolls of identify {unknown}
Potions
 i - a potion of curing {unknown}
 j - a potion of degeneration {unknown}
 k - a potion of heal wounds {unknown}
 m - a potion of lignification {unknown}
Books
 a - a book of Air

   Spells                             Type                      Level
   a - Shock                          Conjuration/Air              1
   b - Swiftness                      Charms/Air                   2
   c - Repel Missiles                 Charms/Air                   2
   d - Static Discharge               Conjuration/Air              3
   e - Lightning Bolt                 Conjuration/Air              5
 d - the Reference Book on Augmentations

   Spells                             Type                      Level
   a - Infusion                       Charms                       1
   b - Spectral Weapon                Hexes/Charms                 3
Comestibles
 f - a bread ration
 g - a slice of pizza
 p - a chunk of flesh


   Skills:
 - Level 2.0 Throwing
 + Level 3.2 Unarmed Combat
 - Level 4.0 Spellcasting
   Level 1.0 Transmutations
   Level 1.0 Air Magic
   Level 2.0 Poison Magic


You had 11 spell levels left.
You didn't know any spells.

Dungeon Overview and Level Annotations

Branches:
Dungeon (3/15)

Altars:


Message History

Aim: an orc, wielding a trident of venom You shoot a poisoned needle.
The poisoned needle hits the orc!
The orc is poisoned.
You feel sick. The orc hits you but does no damage.
You are more poisoned.
Firing (i - inventory):
c - 6 poisoned needles (quivered)
Press: ? - help, Shift-Dir - straight line, f/p - orc
Aim: an orc, wielding a trident of venom (moderately wounded, poisoned)
You shoot a poisoned needle. The poisoned needle hits the orc.
The orc looks even sicker.
The orc is moderately wounded.
You feel very sick.
The orc hits you from afar with a trident of venom.
* * * LOW HITPOINT WARNING * * *
You are more poisoned.
* * * LOW HITPOINT WARNING * * *
You feel very sick. The orc hits you but does no damage.
You are more poisoned.
You see here a poisoned needle.
You die...

#.##..........##
#.##..........#
#.##..........#
#.##..........###
#.####.#......†.# #.#
#.#.######.# #.#
#.#...<..#.# #.#
#.#....#.#.# . #@#
##.#.####.#.#
....###(#....#......#.#
(.)....(.o....(....>#.#
....###.#.#########.#.#
.. #.#.# #.#.# #.# #
#...# #.# ##### #.# #..


There were no monsters in sight!

Vanquished Creatures
  An orc priest (D:3)
  An ooze (D:2)
  An orc (D:3)
  A giant cockroach (D:2)
  3 hobgoblins
  A ball python (D:3)
  A bat (D:2)
  A giant newt (D:2)
  2 goblins (D:2)
  2 kobolds
  4 rats
18 creatures vanquished.

Notes
Turn   | Place    | Note
--------------------------------------------------------------
     0 | D:1      | Geeful the Human Wanderer began the quest for the Orb.
     0 | D:1      | Geeful set off with: a book of Air, the Reference Book on Augmentations, 12 poisoned needles, a +0 blowgun, a +0 robe, a bread ration
     0 | D:1      | Reached XP level 1. HP: 13/13 MP: 5/5
     1 | D:1      | Identified the Reference Book on Augmentations
   176 | D:2      | Reached skill level 1 in Unarmed Combat
   413 | D:2      | Reached XP level 2. HP: 16/19 MP: 7/7
  1055 | D:3      | Reached XP level 3. HP: 24/24 MP: 8/8
  1065 | D:3      | Reached XP level 4. HP: 30/30 MP: 10/10
  1120 | D:3      | Succumbed to an orc's poison

Vault maps used:
D:1:      eino_arrival_water_star
D:3:      marbit_many_paths, yredelemnul_forgotten_temple_becter, first_bread,
          minivault_5, makhleb_altar_promises_db

Action                   |  1- 3 |  4- 6 || total
-------------------------+-------+-------++-------
Melee: Unarmed           |    61 |       ||    61
 Fire: Blowgun           |    14 |     7 ||    21
  Use: Scroll            |     3 |       ||     3
  Eat: Chunk             |       |     1 ||     1
